 Dungeon Crawl Stone Soup version 0.18.1-50-g88ac8fd (console) character file.

75363 Kloppie the Bludgeoner (level 15, -3/171 HPs)
             Began as an Ogre Berserker on Sept 15, 2016.
             Was the Champion of Trog.
             Killed by divine providence
             ... invoked by an orc priest
              (12 damage)
             ... on level 2 of the Orcish Mines.
             The game lasted 00:43:29 (22640 turns).

Kloppie the Bludgeoner (Ogre Berserker)            Turns: 22640, Time: 00:43:29

Health: -3/171     AC: 18    Str: 28    XL:     15   Next: 49%
Magic:  15/15      EV: 14    Int:  6    God:    Trog [******]
Gold:   2136       SH: 13    Dex: 16    Spells: 0 memorised, 14 levels left

rFire  + + .     SeeInvis .     b - +2 demon whip {elec, *Noise rElec Dex+4 Stlth+}
rCold  + . .     Gourm    .     H - +0 fire dragon armour
rNeg   . . .     Faith    .     F - +0 shield
rPois  +         Spirit   .     w - +1 hat
rElec  +         Dismiss  .     k - +1 cloak
rCorr  .         Reflect  .     (gloves unavailable)
SustAt .         Harm     .     (boots unavailable)
MR     +++..                    (no amulet)
Stlth  +.........               K - ring "Xuthetz" {*Drain +Fly rPois rC+}
                                j - ring of protection from cold

@: regenerating, extremely resistant to hostile enchantments, very unstealthy
A: unfitting armour, iridescent scales 1, blurry vision 2, clumsy 1, screaming
1, strong 1, tough skin 1
a: Berserk, Trog's Hand, Brothers in Arms, Burn Spellbooks, Renounce Religion,
Evoke Flight


You were on level 2 of the Orcish Mines.
You worshipped Trog.
Trog was exalted by your worship.
You were not hungry.

You visited 3 branches of the dungeon, and saw 18 of its levels.
You also visited: Labyrinth and Volcano.

You collected 2157 gold pieces.
You spent 21 gold pieces at shops.

Inventory:

Hand Weapons
 a - a +2 eveningstar of freezing
 b - the +2 demon whip of Ebiuph (weapon) {elec, *Noise rElec Dex+4 Stlth+}
   (Trog gifted it to you on level 2 of the Orcish Mines)

   Occasionally, upon striking a foe, it will discharge some electrical energy
   and cause terrible harm.
   It affects your dexterity (+4).
   It insulates you from electricity.
   It may make noises in combat.
   It makes you more stealthy.
 D - a +0 morningstar
 Q - a +8 morningstar of flaming
Armour
 k - a +1 cloak (worn)
 w - a +1 hat (worn)
 F - a +0 shield (worn)
 H - a +0 fire dragon armour (worn)
Jewellery
 j - a ring of protection from cold (left hand)
 A - an uncursed ring of protection from cold
 K - the ring "Xuthetz" (right hand) {*Drain +Fly rPois rC+}
   (You found it in a labyrinth)

   [ring of protection from cold]

   It protects you from cold.
   It protects you from poison.
   It lets you fly.
   It causes draining when unequipped.
Scrolls
 h - 6 scrolls of remove curse
 o - 4 scrolls of fear
 q - 6 scrolls of teleportation
 S - 2 scrolls of identify
 T - 2 scrolls of recharging
Potions
 d - 5 potions of heal wounds
 m - 5 potions of curing
 s - 3 potions of haste
 t - 4 potions of flight
 B - a potion of agility
 C - a potion of resistance
 E - 2 potions of magic
 N - a potion of cure mutation
Comestibles
 c - 13 bread rations
 e - 10 chunks of flesh
 f - 5 meat rations
 g - 6 beef jerkies
 v - 11 slices of pizza


   Skills:
 - Level 16.4 Fighting
 - Level 17.0 Maces & Flails
 + Level 7.3 Armour
 + Level 10.2 Dodging
 - Level 10.8 Shields


You had 14 spell levels left.
You didn't know any spells.

Dungeon Overview and Level Annotations

Branches:
Dungeon (9/15)             Temple (0/1) D:4            Lair (7/8) D:9
  Swamp (0/4) Lair:3        Snake (0/4) Lair:4        Slime (0/6) Lair:6
    Orc (2/2) D:9             Elf (0/3) Orc:2

Altars:
Dithmenos
Fedhas
Gozag
Kikubaaqudgha
Qazlal
Sif Muna
Trog
Xom
Yredelemnul
Jiyva

Shops:
D:6 [   D:9 }


Innate Abilities, Weirdness & Mutations

You are too large for most types of armour.
You have tough skin (AC +1).
You are partially covered in iridescent scales (AC +4).
Scrolls take you longer to read.
You are clumsy. (Dex -2)
You occasionally shout uncontrollably at your foes.
Your muscles are strong. (Str +2)


Message History

Your troll claws the orc warrior.
Read which item? (? for menu, Esc to quit)
Really read with blurry vision while enemies are nearby? [Y]es or [N]o only, please.
Really read with blurry vision while enemies are nearby?
The orc warrior closely misses your troll.
Your troll bites the orc warrior.
Your troll closely misses the orc warrior.
Your troll claws the orc warrior!
The orc warrior dies!
Trog accepts your kill. The orc priest misses you.
The orc priest mumbles some strange prayers to Beogh against you.
Beogh smites you!
* * * LOW HITPOINT WARNING * * *
The orc priest looks braver for a moment.
The orc barely misses your troll.
The orc priest invokes the aid of Beogh against you.
Beogh smites you!
You die... .### #..oo.... ..# ..# #...#o..#...# ..# #..oooo...# .## #..#ooo#o.# ## #.oo)ooo#

# #######ooT##### ###
###...##.o).....#
..######.#......oo....##
[..#.##....#....@......#
)......(.(()..........###
..........).............#.#
......##....)..............#
......##................#.##
..#.###.......#.........# #
..#####.............>...#
.## #.......##...#......# ##
#....######.###.##.##


You could see 2 orc warriors, 12 orc priests, 4 orcs and a friendly troll
(berserk).

Vanquished Creatures
  Maud (Orc:1)
  A minotaur (Lab)
  6 hydras
  A naga warrior (Lair:4)
  A catoblepas (Lair:4)
  A centaur warrior (Volcano)
  6 death yaks (Lair:4)
  Urug (Orc:1)
  A hill giant (D:9)
  3 orc sorcerers (Orc:1)
  An orc knight (Orc:1)
  2 cyclopes
  A griffon (Lair:5)
  8 elephants
  5 black mambas
  Joseph (D:7)
  16 spiny frogs
  2 molten gargoyles (Volcano)
  2 rime drakes
  3 yaktaurs (Volcano)
  7 komodo dragons
  3 trolls
  Prince Ribbit (D:7)
  2 two-headed ogres (D:8)
  13 blink frogs
  12 yaks
  Eustachio (D:4)
  7 basilisks
  A hog (D:7)
  2 fire bats (Volcano)
  A wyvern (D:9)
  10 hippogriffs
  A human (D:7)
  3 steam dragons
  3 nagas (Lair:4)
  17 water moccasins
  9 porcupines
  2 ice beasts
  19 orc warriors
  2 sky beasts
  A necrophage (D:8)
  3 black bears
  15 wolves
  14 ogres
  8 centaurs
  8 crocodiles
  5 big kobolds
  5 gnoll sergeants
  19 giant frogs
  3 wyvern skeletons
  3 scorpions
  12 wights
  2 electric eels
  3 lava snakes (Volcano)
  4 crimson imps
  A centaur zombie (D:6)
  A giant frog zombie (D:5)
  2 hounds (D:7)
  2 giant frog skeletons
  3 jellies
  7 orc priests
  11 orc wizards
  2 centaur skeletons
  10 iguanas
  Ijyb (D:3)
  Natasha (thrice) (D:3)
  8 worker ants
  7 sheep
  A hound zombie (D:4)
  16 gnolls
  A howler monkey skeleton (D:9)
  18 adders
  43 river rats
  4 shadow imps
  An ooze (D:1)
  2 adder skeletons
  3 adder zombies
  9 worms
  5 dart slugs
  8 giant geckos
  65 orcs
  2 ball pythons
  7 bats
  7 giant cockroaches
  4 goblins
  7 hobgoblins
  16 jackals
  A quokka (D:9)
  A giant gecko skeleton (D:4)
  9 giant newts
  7 kobolds
  35 rats
614 creatures vanquished.

Vanquished Creatures (collateral kills)
  An orc warrior (Orc:2)
  An orc priest (Orc:2)
  An orc (Orc:2)
3 creatures vanquished.

Vanquished Creatures (others)
  A yak (D:9)
  7 fungi
  A plant (Lair:4)
  A withered plant (D:8)
10 creatures vanquished.

Grand Total: 627 creatures vanquished

Notes
Turn   | Place    | Note
--------------------------------------------------------------
     0 | D:1      | Kloppie the Ogre Berserker began the quest for the Orb.
     0 | D:1      | Reached XP level 1. HP: 24/24 MP: 1/1
   141 | D:1      | Reached XP level 2. HP: 21/33 MP: 2/2
   539 | D:1      | Reached XP level 3. HP: 28/41 MP: 3/3
   575 | D:1      | Reached ** piety under Trog
   854 | D:2      | Reached skill level 5 in Fighting
   855 | D:2      | Found a shimmering altar of Xom.
   926 | D:2      | Reached skill level 5 in Maces & Flails
  1198 | D:2      | Reached XP level 4. HP: 36/50 MP: 4/4
  1200 | D:2      | Found a stormy altar of Qazlal.
  1200 | D:2      | Found a shadowy altar of Dithmenos.
  1203 | D:2      | Found a basalt altar of Yredelemnul.
  1875 | D:3      | Noticed Ijyb
  1882 | D:3      | Killed Ijyb
  1882 | D:3      | Reached XP level 5. HP: 59/59 MP: 5/5
  1970 | D:3      | Reached skill level 6 in Maces & Flails
  1972 | D:3      | Reached XP level 6. HP: 68/68 MP: 6/6
  2038 | D:3      | Reached skill level 7 in Maces & Flails
  2419 | D:3      | Found a faded altar to an unknown god.
  2553 | D:3      | Noticed Natasha
  2559 | D:3      | Killed Natasha
  2559 | D:3      | Reached XP level 7. HP: 44/79 MP: 7/7
  2732 | D:3      | Noticed Natasha
  2735 | D:3      | Killed Natasha
  2876 | D:3      | Reached *** piety under Trog
  2928 | D:3      | Noticed Natasha
  2937 | D:3      | Killed Natasha
  3160 | D:4      | Reached skill level 8 in Maces & Flails
  3205 | D:4      | Found a staircase to the Ecumenical Temple.
  3272 | D:4      | Found a blossoming altar of Fedhas.
  3420 | D:4      | Got a transparent steel amulet
  3647 | D:4      | Identified the amulet of Descent {Spirit rF- Dex+4 Stlth+} (You found it on level 4 of the Dungeon)
  3659 | D:4      | Found a deep blue altar of Sif Muna.
  3776 | D:4      | Found a bloodstained altar of Trog.
  3896 | D:4      | Noticed Eustachio
  3935 | D:4      | Killed Eustachio
  3935 | D:4      | Reached skill level 9 in Maces & Flails
  3935 | D:4      | Reached XP level 8. HP: 69/92 MP: 8/8
  4644 | D:5      | Entered Level 5 of the Dungeon
  4721 | D:5      | Reached skill level 10 in Fighting
  4889 | D:5      | Reached skill level 10 in Maces & Flails
  5990 | D:5      | Reached **** piety under Trog
  6300 | D:5      | Reached XP level 9. HP: 90/102 MP: 9/9
  6385 | D:5      | Identified a +0 rod of ignition (9/9) (You found it on level 5 of the Dungeon)
  6405 | D:6      | Reached skill level 11 in Maces & Flails
  6737 | D:6      | Found Keno's Antique Armour Shoppe.
  6740 | D:6      | Bought a glowing robe for 21 gold pieces
  7675 | D:7      | Found an opulent altar of Gozag.
  7690 | D:7      | Noticed Joseph
  7765 | D:7      | Reached skill level 12 in Maces & Flails
  7783 | D:7      | Killed Joseph
  7783 | D:7      | Reached skill level 5 in Dodging
  8053 | D:7      | Reached XP level 10. HP: 93/114 MP: 10/10
  8065 | D:7      | Noticed Prince Ribbit
  8069 | D:7      | Killed Prince Ribbit
  8069 | D:7      | Reached skill level 13 in Maces & Flails
  8732 | D:8      | Found an ancient bone altar of Kikubaaqudgha.
  8736 | D:8      | Reached ***** piety under Trog
  9303 | D:8      | Found a blossoming altar of Fedhas.
  9803 | D:8      | Reached skill level 14 in Maces & Flails
 10137 | D:9      | Found Sydd's Gadget Emporium.
 10176 | D:9      | Noticed a hill giant
 10187 | D:9      | Killed a hill giant
 10224 | D:9      | Found a staircase to the Orcish Mines.
 10250 | D:9      | Reached XP level 11. HP: 120/120 MP: 11/11
 10277 | D:9      | Reached skill level 15 in Maces & Flails
 10909 | D:8      | Reached skill level 1 in Shields
 11241 | D:9      | Found a staircase to the Lair.
 12003 | D:9      | Found a bloodstained altar of Trog.
 12154 | Lair:1   | Entered Level 1 of the Lair of Beasts
 12174 | Lair:1   | Found a labyrinth entrance.
 12178 | Lab      | Entered a labyrinth
 12322 | Lab      | Noticed a minotaur
 12330 | Lab      | Killed a minotaur
 12339 | Lab      | Got a flickering lapis lazuli ring
 12402 | Lair:1   | Reached skill level 16 in Maces & Flails
 12656 | Lair:1   | Noticed an eight-headed hydra
 12665 | Lair:1   | Killed an eight-headed hydra
 12665 | Lair:1   | Received a gift from Trog
 12665 | Lair:1   | Reached skill level 5 in Shields
 13562 | Lair:1   | Identified the ring "Xuthetz" {*Drain +Fly rPois rC+} (You found it in a labyrinth)
 13949 | Lair:1   | Reached XP level 12. HP: 105/130 MP: 12/12
 15048 | Lair:2   | Found a dark tunnel.
 15056 | Volcano  | Entered a volcano
 15254 | Volcano  | Reached skill level 17 in Maces & Flails
 15301 | Volcano  | Found a radiant altar of Vehumet.
 15301 | Volcano  | Noticed a centaur warrior
 15309 | Volcano  | Killed a centaur warrior
 15314 | Volcano  | HP: 2/195 [yaktaur (19)]
 16706 | Lair:3   | Found a staircase to the Swamp.
 17168 | Lair:4   | Noticed a catoblepas
 17179 | Lair:4   | Killed a catoblepas
 17301 | Lair:4   | Reached skill level 10 in Shields
 17322 | Lair:4   | Reached ****** piety under Trog
 17352 | Lair:4   | Noticed a seven-headed hydra
 17361 | Lair:4   | Noticed a naga warrior
 17363 | Lair:4   | Killed a seven-headed hydra
 17379 | Lair:4   | Killed a naga warrior
 17379 | Lair:4   | Reached XP level 13. HP: 98/137 MP: 13/13
 17381 | Lair:4   | Received a gift from Trog
 17513 | Lair:4   | Found a staircase to the Snake Pit.
 17632 | Lair:4   | HP: 10/211 [death yak (21)]
 17638 | Lair:4   | HP: 8/216 [yak (6)]
 18022 | Lair:4   | Found an opulent altar of Gozag.
 18619 | Lair:5   | Reached skill level 15 in Fighting
 19358 | Lair:5   | Received a gift from Trog
 20249 | Lair:6   | Reached XP level 14. HP: 155/163 MP: 14/14
 20255 | Lair:6   | Reached skill level 1 in Armour
 20289 | Lair:6   | Found a staircase to the Slime Pits.
 20290 | Lair:6   | Found a viscous altar of Jiyva.
 20467 | Lair:7   | Received a gift from Trog
 20619 | Lair:7   | Reached skill level 5 in Armour
 20619 | Lair:7   | Reached XP level 15. HP: 171/171 MP: 15/15
 20770 | Lair:7   | Gained mutation: Your muscles are strong. (Str +2) [potion of mutation]
 20770 | Lair:7   | Gained mutation: Scrolls take you a little longer to read. [potion of mutation]
 20771 | Lair:7   | Gained mutation: You occasionally shout uncontrollably at your foes. [potion of mutation]
 20771 | Lair:7   | Gained mutation: You are partially covered in iridescent scales (AC +4). [potion of mutation]
 20771 | Lair:7   | Gained mutation: You are clumsy. (Dex -2) [potion of mutation]
 20772 | Lair:7   | Gained mutation: Scrolls take you longer to read. [potion of mutation]
 21483 | Orc:1    | Entered Level 1 of the Orcish Mines
 21504 | Orc:1    | You fall through a shaft!
 21504 | Orc:2    | Entered Level 2 of the Orcish Mines
 21513 | Orc:1    | Noticed Urug
 21530 | Orc:1    | Killed Urug
 21590 | Orc:1    | Noticed Maud
 21602 | Orc:1    | Killed Maud
 21914 | Orc:1    | Reached skill level 10 in Dodging
 22574 | Orc:2    | Received a gift from Trog
 22575 | Orc:2    | Got a jewelled demon whip {god gift}
 22583 | Orc:2    | Identified the +2 demon whip of Ebiuph {elec, *Noise rElec Dex+4 Stlth+} (Trog gifted it to you on level 2 of the Orcish Mines)
 22613 | Orc:2    | Found a staircase to the Elven Halls.
 22640 | Orc:2    | Killed from afar by an orc priest

Skill      XL: |  1  2  3  4  5  6  7  8  9 10 11 12 13 14 15 |
---------------+----------------------------------------------+-----
Fighting       | 5 6 7 9 10 11 16 | 16.4
Maces & Flails | 5 6 7 9 10 12 14 16 17 | 17.0
Dodging        | 5 8 9 10 | 10.2
Shields        | 5 10 | 10.8
Armour         | 5 7 |  7.3

Action                   |  1- 3 |  4- 6 |  7- 9 | 10-12 | 13-15 || total
-------------------------+-------+-------+-------+-------+-------++-------
Melee: Mace              |    96 |   128 |   143 |       |       ||   367
       Flail             |       |       |   388 |    82 |       ||   470
       Dire flail        |       |       |       |   143 |       ||   143
       Morningstar       |       |       |       |   535 |   197 ||   732
       Eveningstar       |       |       |       |       |   396 ||   396
       Demon whip        |       |       |       |       |     7 ||     7
Invok: Berserk           |     1 |     4 |     4 |    13 |     3 ||    25
       Trog's Hand       |       |       |     2 |     7 |     4 ||    13
       Brothers in Arms  |       |       |       |       |     1 ||     1
  Use: Scroll            |       |       |    13 |    15 |     6 ||    34
       Potion            |       |       |       |       |     4 ||     4
 Stab: Sleeping          |       |     1 |       |       |       ||     1
       Distracted        |       |       |     1 |       |       ||     1
  Eat: Chunk             |     2 |     9 |    18 |    33 |    21 ||    83
       Meat ration       |       |       |     1 |     2 |       ||     3
Armor: Animal skin       |    23 |    24 |    98 |       |       ||   145
       Robe              |       |       |    34 |   150 |       ||   184
       Fire dragon armou |       |       |       |    29 |   160 ||   189
Dodge: Dodged            |    50 |    54 |   245 |   349 |   179 ||   877
Block: Shield            |       |       |       |   210 |   309 ||   519
